 Dungeon Sprint DCSS version 0.21.1-72-gffa868e0fe (webtiles) character file.

596 Osmon the Basher (level 7, 0/75 HPs)
             Began as a Minotaur Berserker on Aug 3, 2018.
             Was a Priest of Trog.
             Slain by a quasit (2 damage)
             ... summoned by a neqoxec
             ... in the Dungeon (Sprint II: "The Violet Keep of Menkaure").
             The game lasted 00:01:43 (76 turns).

Osmon the Basher (Minotaur Berserker)                 Turns: 76, Time: 00:01:44

Health: 0/75       AC:  2    Str: 24      XL:     7   Next: 17%
Magic:  5/5        EV: 12    Int:  3 (4)  God:    Trog [***...]
Gold:   243        SH:  0    Dex:  3 (9)  Spells: 6/6 levels left

rFire    . . .     SeeInvis .   a - +0 mace
rCold    . . .     Gourm    .   (no shield)
rNeg     . . .     Faith    .   b - +0 animal skin
rPois    .         Spirit   .   (helmet restricted)
rElec    .         Reflect  .   (no cloak)
rCorr    .         Harm     .   (no gloves)
MR       .....     Clarity  +   (no boots) Stlth +.........NoTele +
                                (no amulet)
HPRegen  0.22/turn              (no ring)
MPRegen  0.09/turn              (no ring)

@: berserk cooldown, slowed, very slow
A: retaliatory headbutt, horns 2, blurry vision 1, clarity, low mp 1, MP-powered
wands
a: Berserk, Trog's Hand, Burn Spellbooks, Renounce Religion


You were in the Dungeon.
You worshipped Trog.
Trog was most pleased with you.
You were not hungry.

You visited 1 branch You collected 243 gold pieces.

Inventory:

Hand Weapons
 a - a +0 mace (weapon)
Armour
 b - a +0 animal skin (worn)
Scrolls
 i - a scroll of blinking
Potions
 d - a potion of curing
 e - a potion of heal wounds
 f - a potion of haste
 g - 2 potions of magic
 h - a potion of berserk rage
Comestibles
 c - a ration


   Skills:
 + Level 11.7 Fighting
 + Level 12.2 Maces & Flails
 + Level 6.3 Armour
 + Level 6.0 Dodging


You had 6 spell levels left.
You didn't know any spells.

Dungeon Overview and Level Annotations

Branches:
Dungeon (1/1)

Altars:

Shops:
D [}(}!:(


Innate Abilities, Weirdness & Mutations

You reflexively headbutt those who attack you in melee.
You have a pair of horns on your head.
Scrolls take you a little longer to read.
You possess an exceptional clarity of mind.
Your magical capacity is low. (-10% MP)
You expend magic power (3 MP) to strengthen your wands.


Message History

The neqoxec hits you!
* * * LOW HITPOINT WARNING * * *
The quasit bites you.
* * * LOW HITPOINT WARNING * * *
You feel clumsy. The quasit barely misses you.
The quasit claws you but does no damage.
The shadow imp barely misses you. The neqoxec gestures at you.
Strange energies course through your body.
Your vision blurs.
Unknown command.
You barely miss the neqoxec.
The neqoxec is severely wounded.
The quasit bites you.
* * * LOW HITPOINT WARNING * * *
The quasit misses you. The quasit barely misses you.
The shadow imp barely misses you. You furiously retaliate!
You headbutt the shadow imp! The quasit bites you.
You die...

.... ##+## ....
##.#.## ∩...#
#..#..# .∩..#
###.55#
∩.∩.#≈##.###@##
.∩.∩#≈#..###3##
..∩.'≈'3##'535+
#.#3##5##
##5###+# ###


You could see 2 neqoxecs, 2 quasits, a white imp, a shadow imp and an ufetubus.

Vanquished Creatures
  2 neqoxecs (D)
  4 necrophages (D)
6 creatures vanquished.

Vanquished Creatures (others)
  A crocodile (D)
1 creature vanquished.

Grand Total: 7 creatures vanquished

Notes
Turn   | Place    | Note
-------+----------+-------------------------------------------
     0 | D        | Osmon the Minotaur Berserker began the quest for the Orb.
     0 | D        | Reached XP level 1. HP: 19/19 MP: 0/0
     1 | D        | Noticed a necrophage
     1 | D        | Noticed a necrophage
     1 | D        | Noticed a necrophage
     1 | D        | Noticed a necrophage
     7 | D        | Killed a necrophage
     7 | D        | Reached skill level 7 in Maces & Flails
     7 | D        | Reached XP level 2. HP: 34/34 MP: 1/1
     7 | D        | Reached XP level 3. HP: 39/39 MP: 2/2
     7 | D        | Reached XP level 4. HP: 47/47 MP: 3/3
    10 | D        | Killed a necrophage
    10 | D        | Reached skill level 9 in Maces & Flails
    10 | D        | Reached XP level 5. HP: 56/56 MP: 4/4
    13 | D        | Killed a necrophage
    13 | D        | Reached ** piety under Trog
    13 | D        | Reached skill level 10 in Maces & Flails
    13 | D        | Reached skill level 5 in Armour
    18 | D        | Killed a necrophage
    18 | D        | Reached skill level 10 in Fighting
    18 | D        | Reached skill level 5 in Dodging
    18 | D        | Reached XP level 6. HP: 67/67 MP: 5/5
    43 | D        | Noticed a neqoxec
    44 | D        | Noticed a neqoxec
    48 | D        | Killed a neqoxec
    48 | D        | Reached skill level 11 in Maces & Flails
    50 | D        | Gained mutation: Your magical capacity is low. (-10% MP) [a neqoxec]
    53 | D        | Killed a neqoxec
    53 | D        | Reached *** piety under Trog
    53 | D        | Reached skill level 12 in Maces & Flails
    53 | D        | Reached XP level 7. HP: 75/75 MP: 5/5
    57 | D        | Found Bink's Weapon Boutique.
    57 | D        | Found Esyxyi's Distillery.
    57 | D        | Found Oscheciu's Antique Weapon Boutique.
    58 | D        | Found Feonofod's Book Boutique.
    58 | D        | Found Umagezul's Gadget Shop.
    58 | D        | Found Rinim Dih's Gadget Boutique.
    58 | D        | Found Mommuinna's Antique Armour Shop.
    58 | D        | Noticed a neqoxec
    58 | D        | Noticed a neqoxec
    59 | D        | Gained mutation: You possess an exceptional clarity of mind. [a neqoxec]
    73 | D        | Gained mutation: You expend magic power (3 MP) to strengthen your wands. [a neqoxec]
    75 | D        | HP: 3/75 [quasit[a neqoxec] (2)]
    75 | D        | Gained mutation: Scrolls take you a little longer to read. [a neqoxec]
    76 | D        | Slain by a quasit

Skill      XL: |  1  2  3  4  5  6 |
---------------+-------------------+-----
Fighting       | 7 8 10 11 | 11.7
Maces & Flails | 7 9 10 12 | 12.2
Armour         | 3 4 5 6 |  6.3
Dodging        | 3 4 5 6 |  6.0

Action                   |  1- 3 |  4- 6 |  7- 9 || total
-------------------------+-------+-------+-------++-------
Melee: Mace              |     4 |    19 |    10 ||    33
       Headbutt          |     1 |     4 |     1 ||     6
Invok: Berserk           |     1 |     1 |       ||     2
Armor: Animal skin       |       |     2 |     2 ||     4
Dodge: Dodged            |     1 |     4 |    17 ||    22
